[Event "ISR-chT 2019"]
[Site "Israel"]
[Date "2019.01.04"]
[Round "1"]
[White "Aharon, Ofir"]
[Black "Oratovsky, Michael"]
[Result "1/2-1/2"]
[ECO "C41"]
[WhiteElo "2310"]
[BlackElo "2462"]
[Annotator "ChessBase"]
[PlyCount "95"]
[EventDate "2019.01.04"]
[EventType "team-tourn"]
[EventCountry "ISR"]
[SourceTitle "playchess.com"]
[Source "ChessBase"]
[SourceQuality "1"]
[TimeControl "40/5400+30:1800+30"]

1. e4 d6 2. d4 Nf6 3. Nc3 e5 4. Nf3 Nbd7 5. Bc4 Be7 6. O-O O-O 7. Re1 c6 8. a4 a5 9. h3 Nb6 10. Ba2 Nfd7 11. Be3 exd4 12. Nxd4 Nc5 13. Qh5 Nbxa4 14. Nxa4 Nxa4 15. Nf3 b5 16. Ng5 Bxg5 17. Bxg5 Qc7 18. Re3 Kh8 19. b3 Nc5 20. Rd1 Be6 21. Bf4 Rad8 22. c4 f6 23. Kh2 Bf7 24. Qe2 Ne6 25. Bg3 c5 26. cxb5 Nd4 27. Qb2 Qb6 28. Qa3 Nc2 29. Qa4 Nxe3 30. fxe3 Be8 31. Bb1 Qxb5 32. Qa1 Qxb3 33. Rxd6 Rc8 34. e5 Rc6 35. exf6 gxf6 36. e4 Qb6 37. Rxc6 Qxc6 38. e5 c4 39. exf6 Kg8 40. Be5 Qd5 41. Qc3 Bg6 42. Qg3 Kf7 43. Bc3 Rc8 44. Bxg6+ hxg6 45. Qh4 Qd6+ 46. Kh1 Qd1+ 47. Kh2 Qd6+ 48. Kh1 1/2-1/2

[Event "ISR-chT 2019"]
[Site "Israel"]
[Date "2019.01.04"]
[Round "1"]
[White "Aharonovich, Itamar"]
[Black "Sidorenko, Ilya"]
[Result "0-1"]
[ECO "E94"]
[WhiteElo "2299"]
[BlackElo "2395"]
[Annotator "NA"]
[PlyCount "83"]
[EventDate "2019.01.04"]
[EventType "team-tourn"]
[EventCountry "ISR"]
[SourceTitle "playchess.com"]
[Source "ChessBase"]
[SourceQuality "1"]
[TimeControl "40/5400+30:1800+30"]

1. d4 Nf6 2. c4 g6 3. Nc3 Bg7 4. e4 d6 5. Be2 O-O 6. Nf3 Nbd7 7. O-O e5 8. Be3 Ng4 9. Bg5 f6 10. Bc1 c6 11. Qc2 f5 12. Rd1 exd4 13. Nxd4 Nc5 14. Bxg4 fxg4 15. Be3 Qe7 16. b4 Nd7 17. Rac1 Ne5 18. Nce2 Bd7 19. Nb3 b6 20. a4 c5 21. b5 Be6 22. Nd2 h5 23. Nf4 h4 24. Nd3 h3 25. Nxe5 Bxe5 26. g3 Qf6 27. Rf1 a6 28. f4 Bd4 29. Qd3 axb5 30. axb5 Ra2 31. Rf2 Rfa8 32. f5 R8a3 33. Bxd4 cxd4 34. Qf1 Bf7 35. Re1 Re3 36. fxg6 Qxg6 37. Rf6 Rxd2 38. Rxg6+ Bxg6 39. Rxe3 dxe3 40. Qe1 Rg2+ 41. Kh1 Bxe4 42. Qxe3 0-1

[Event "ISR-chT 2019"]
[Site "Israel"]
[Date "2019.01.04"]
[Round "1"]
[White "Afek, Yochanan"]
[Black "Mesropov, Konstantin"]
[Result "0-1"]
[ECO "C02"]
[WhiteElo "2244"]
[BlackElo "2431"]
[Annotator "NA"]
[PlyCount "126"]
[EventDate "2019.01.04"]
[EventType "team-tourn"]
[EventCountry "ISR"]
[SourceTitle "playchess.com"]
[Source "ChessBase"]
[SourceQuality "1"]
[TimeControl "40/5400+30:1800+30"]

1. e4 e6 2. d4 d5 3. e5 c5 4. c3 Nc6 5. Nf3 Qb6 6. a3 Nh6 7. Bd3 cxd4 8. cxd4 $11 {[%emt 0:00:03] LiveBook: 45 Games} Bd7 9. Bc2 Nf5 10. Bxf5 exf5 11. Nc3 Be6 12. b4 h6 13. h4 Rc8 14. Na4 Qb5 15. Nc5 a5 16. Qe2 Qxe2+ 17. Kxe2 axb4 18. axb4 b6 19. Nxe6 fxe6 20. b5 Na5 21. Bd2 Nc4 22. Ra7 Be7 23. h5 Rf8 24. Rha1 Rf7 25. Be1 Bf8 26. Rxf7 Kxf7 27. Ra7+ Ke8 28. Nh4 Na3 29. Rb7 Nxb5 30. Nf3 Rc6 31. Rb8+ Kf7 32. Rb7+ Ke8 33. Rb8+ Kf7 34. Rb7+ Be7 35. Bb4 Rc7 36. Rxb6 Bxb4 37. Rxb5 Be7 38. Kd3 Rc1 39. g3 Rh1 40. Rb7 Rxh5 41. Nh4 f4 42. Ke2 fxg3 43. fxg3 Rg5 44. Kf3 h5 45. Ng2 Rg4 46. Nf4 g5 47. Nxh5 Rxd4 48. Nf6 Rb4 49. Rd7 Rb3+ 50. Kf2 Kf8 51. Ng4 Ke8 52. Rc7 Kd8 53. Rc2 Kd7 54. Kg2 Bd8 55. Ra2 Bb6 56. Rc2 Bd8 57. Ra2 d4 58. Rd2 Bb6 59. Nf6+ Kc6 60. g4 d3 61. Kf3 Ba5 62. Rd1 d2+ 63. Ke4 Bb6 0-1

[Event "ISR-chT 2019"]
[Site "Israel"]
[Date "2019.01.04"]
[Round "1"]
[White "Tifferet, Shaked"]
[Black "Bakalchuk, Johnatan"]
[Result "0-1"]
[ECO "B38"]
[WhiteElo "2243"]
[BlackElo "2456"]
[Annotator "ChessBase"]
[PlyCount "120"]
[EventDate "2019.01.04"]
[EventType "team-tourn"]
[EventCountry "ISR"]
[SourceTitle "playchess.com"]
[Source "ChessBase"]
[SourceQuality "1"]
[TimeControl "40/5400+30:1800+30"]

1. e4 c5 2. Nf3 g6 3. c4 Bg7 4. d4 cxd4 5. Nxd4 Nc6 6. Be3 Qb6 7. Nb3 Qd8 8. Qd2 Nf6 9. f3 O-O 10. Nc3 d6 11. Be2 a5 12. Nd4 Nxd4 13. Bxd4 a4 14. O-O Qa5 15. Rad1 Be6 16. Nd5 Bxd5 17. exd5 Nd7 18. Bxg7 Qxd2 19. Rxd2 Kxg7 20. Re1 Nc5 21. Bf1 Rfe8 22. Kf2 Ra6 23. Re3 Rb6 24. Ke1 e5 25. dxe6 fxe6 26. f4 Ra8 27. g3 a3 28. Rxa3 Rxa3 29. bxa3 Ra6 30. Bg2 Kf6 31. Ke2 h6 32. Bf3 g5 33. fxg5+ hxg5 34. h4 gxh4 35. gxh4 e5 36. Bd5 Rxa3 37. Rb2 e4 38. Bxb7 Ke5 39. Bc8 Ra8 40. Bh3 Kd4 41. Rd2+ Nd3 42. Bf5 Rf8 43. Bg6 Rf2+ 44. Kd1 Rf1+ 45. Kc2 Rc1+ 46. Kb3 Rc3+ 47. Ka4 e3 48. Rh2 Rxc4+ 49. Kb5 Rc5+ 50. Kb6 Nf2 51. Rg2 e2 52. Rg1 Nh3 53. Rb1 Nf4 54. h5 Nxg6 55. hxg6 Rg5 56. a4 Rxg6 57. a5 d5+ 58. Kb5 Kc3 59. Kc5 d4 60. Rc1+ Kd2 0-1

[Event "ISR-chT 2019"]
[Site "Israel"]
[Date "2019.02.08"]
[Round "3.3"]
[White "Kundin, Alexander"]
[Black "Zilberman, Yaacov"]
[Result "1/2-1/2"]
[ECO "C75"]
[WhiteElo "2311"]
[BlackElo "2334"]
[Annotator "NA"]
[PlyCount "49"]
[EventDate "2019.01.04"]
[EventType "team-tourn"]
[EventCountry "ISR"]
[SourceTitle "playchess.com"]
[Source "ChessBase"]
[SourceQuality "1"]
[TimeControl "40/5400+30:1800+30"]

1. e4 e5 2. Nf3 Nc6 3. Bb5 a6 4. Ba4 d6 5. O-O Bd7 6. c3 Nge7 7. d4 Ng6 8. d5 Nb8 9. c4 Be7 10. Nc3 O-O 11. Bxd7 Nxd7 12. Be3 h6 13. b4 Nh4 14. Nxh4 Bxh4 15. c5 Bg5 16. Bxg5 Qxg5 17. c6 Nf6 18. cxb7 Ra7 19. Qd3 Rb8 20. b5 axb5 21. Nxb5 Raxb7 22. a4 Nd7 23. Rfb1 Nc5 24. Qc2 Qd8 25. Rb2 $11 1/2-1/2

[Event "ISR-chT 2019"]
[Site "Israel"]
[Date "2019.02.08"]
[Round "3.15"]
[White "Galburd, Yan"]
[Black "Vydeslaver, Alik"]
[Result "1/2-1/2"]
[ECO "D00"]
[WhiteElo "2397"]
[BlackElo "2386"]
[Annotator "NA"]
[PlyCount "73"]
[EventDate "2019.01.04"]
[EventType "team-tourn"]
[EventCountry "ISR"]
[SourceTitle "playchess.com"]
[Source "ChessBase"]
[SourceQuality "1"]
[TimeControl "40/5400+30:1800+30"]

1. d4 d5 2. Bf4 c6 3. e3 Bf5 4. c4 e6 5. Nc3 Nd7 6. Nf3 Qb6 7. Qd2 Ngf6 8. c5 Qd8 9. Be2 Be7 10. h3 b5 11. a3 a5 12. O-O O-O 13. b4 Ne4 14. Qb2 Nxc3 15. Qxc3 a4 16. Rfe1 Re8 17. Bd3 Bf6 18. e4 dxe4 19. Bxe4 Bxe4 20. Rxe4 Nf8 21. Be5 Qd5 $11 22. Rae1 Bxe5 23. dxe5 Qb3 24. Qe3 Red8 25. Nd4 Qxe3 26. R1xe3 Rac8 27. f4 Rc7 28. f5 exf5 29. Nxf5 Rd1+ 30. Kh2 Ne6 31. Rg4 g6 32. Nd6 Re7 33. Nc8 Rc7 34. Nd6 Re7 35. Nc8 Rc7 36. Nd6 Re7 37. Nc8 1/2-1/2

[Event "ISR-chT 2019"]
[Site "Israel"]
[Date "2019.02.08"]
[Round "3.16"]
[White "Klenburg, Michael"]
[Black "Parkhov, Yair"]
[Result "1/2-1/2"]
[ECO "B25"]
[WhiteElo "2361"]
[BlackElo "2336"]
[Annotator "NA"]
[PlyCount "78"]
[EventDate "2019.01.04"]
[EventType "team-tourn"]
[EventCountry "ISR"]
[SourceTitle "playchess.com"]
[Source "ChessBase"]
[SourceQuality "1"]
[TimeControl "40/5400+30:1800+30"]

1. e4 c5 2. d3 ({Predecessor:} 2. Nc3 Nc6 3. g3 g6 4. Bg2 Bg7 5. d3 Nf6 6. f4 d6 7. Nf3 O-O 8. O-O Rb8 9. h3 b5 {½-½ (44) Davies,N (2460)-Ivanov,I (2510) London 1992 ½-½ (78) Amin,B (2663)-Can,E (2578) Dubai 2017}) 2... Nc6 3. g3 g6 4. Bg2 Bg7 5. f4 d6 6. Nf3 Nf6 7. O-O O-O 8. h3 $146 Rb8 9. g4 b5 10. Nc3 b4 11. Ne2 Ne8 {[%emt 0:04:01] B25: Closed Sicilian: 3 g3, lines without early Be3} (11... a5 12. f5 c4 13. Be3 Ba6 14. Qd2 Ne5 15. Nxe5 dxe5 16. dxc4 Bxc4 17. Qxd8 Rfxd8 18. Rf2 Ne8 19. Ng3 Nd6 {½-½ (78) Amin,B (2663)-Can,E (2578) Dubai 2017}) 12. f5 Nc7 13. Qe1 Nb5 14. Qh4 Nbd4 15. Nexd4 Nxd4 16. Nxd4 cxd4 ({Predecessor:} 16... Bxd4+ 17. Kh1 Bb7 18. Rb1 a5 19. Bh6 {½-½ (44) Davies,N (2460)-Ivanov,I (2510) London 1992}) 17. Bg5 Rb7 18. Rf2 Rc7 19. a3 a5 20. axb4 axb4 21. Ra8 f6 22. Bd2 Rxc2 23. Bxb4 Rc1+ 24. Rf1 Qc7 25. Ba3 $2 (25. Rxc1 $14 {stays ahead.} Qxc1+ {[%mdl 64] Double Attack} 26. Qe1) 25... Qc2 $11 ({Better is} 25... Rxf1+ $17 26. Bxf1 Bb7) 26. Qf2 Rxf1+ 27. Bxf1 Qc6 28. Rb8 Bh6 29. Qxd4 Qc1 30. Qc4+ Qxc4 31. dxc4 gxf5 32. gxf5 Bf4 33. Ra8 Bb7 34. Rxf8+ Kxf8 35. Bd3 Bc1 36. Kf2 Kg7 37. Kf3 Kh6 38. Kg4 Bc6 39. Bc2 Be8 1/2-1/2

[Event "ISR-chT 2019"]
[Site "Israel"]
[Date "2019.02.08"]
[Round "3.17"]
[White "Psakhis, Lev"]
[Black "Sidorenko, Ilya"]
[Result "1-0"]
[ECO "E94"]
[WhiteElo "2455"]
[BlackElo "2395"]
[Annotator "ChessBase"]
[PlyCount "63"]
[EventDate "2019.01.04"]
[EventType "team-tourn"]
[EventCountry "ISR"]
[SourceTitle "playchess.com"]
[Source "ChessBase"]
[SourceQuality "1"]
[TimeControl "40/5400+30:1800+30"]

1. Nf3 Nf6 2. c4 g6 3. Nc3 Bg7 4. e4 d6 5. d4 O-O 6. Be2 e5 7. O-O Nbd7 8. d5 c6 9. Qc2 Qc7 10. Rd1 a5 11. Bg5 h6 12. Bd2 Nc5 13. Be3 cxd5 14. Nxd5 Nxd5 15. Bxc5 Qxc5 16. Rxd5 Qc7 17. Rad1 Be6 18. Rxd6 Rfc8 19. a4 Bf8 20. R6d2 Kh7 21. b3 g5 22. h3 Bc5 23. Nh2 Bb4 24. Rd3 b5 25. axb5 a4 26. Bg4 axb3 27. Qxb3 Qxc4 28. Bxe6 fxe6 29. Ng4 Qxb3 30. Rxb3 Bc3 31. b6 Rab8 32. Rc1 1-0

[Event "ISR-chT 2019"]
[Site "Israel"]
[Date "2019.02.08"]
[Round "3.17"]
[White "Psakhis, Lev"]
[Black "Sidorenko, Ilya"]
[Result "*"]
[ECO "E94"]
[WhiteElo "2455"]
[BlackElo "2395"]
[Annotator "RC"]
[PlyCount "20"]
[EventDate "2019.01.04"]
[EventType "team-tourn"]
[EventCountry "ISR"]
[SourceTitle "playchess.com"]
[Source "ChessBase"]
[SourceQuality "1"]
[TimeControl "40/5400+30:1800+30"]

1. Nf3 Nf6 2. c4 g6 3. Nc3 Bg7 4. e4 d6 5. d4 O-O 6. Be2 e5 7. O-O Nbd7 8. Qc2 c6 9. Rd1 Qc7 10. d5 a5 *

[Event "ISR-chT 2019"]
[Site "Israel"]
[Date "2019.02.08"]
[Round "3.23"]
[White "Rozentalis, Eduardas"]
[Black "Drori, Saar"]
[Result "1-0"]
[ECO "B51"]
[WhiteElo "2526"]
[BlackElo "2386"]
[Annotator "RC"]
[PlyCount "145"]
[EventDate "2019.01.04"]
[EventType "team-tourn"]
[EventCountry "ISR"]
[SourceTitle "playchess.com"]
[Source "ChessBase"]
[SourceQuality "1"]
[TimeControl "40/5400+30:1800+30"]

1. e4 c5 2. Nf3 d6 3. Bb5+ Nd7 4. Ba4 Ngf6 5. O-O Nxe4 6. Re1 d5 7. c4 Nef6 8. cxd5 Nxd5 9. d4 N5b6 10. dxc5 Nxa4 11. Qxa4 e6 12. Be3 Be7 13. Nc3 O-O 14. Rad1 Qe8 15. b4 a6 16. Bf4 Nf6 17. Qxe8 Rxe8 18. Bd6 Bd8 19. Ne5 Nd7 20. Nc4 b5 21. Ne5 Nxe5 22. Bxe5 Bb7 23. Ne4 Bc6 24. a3 Be7 25. Bd6 Bd8 26. f3 Rc8 27. Kf2 f6 28. Bg3 Be7 29. Nd6 Bxd6 30. Rxd6 Kf7 31. f4 Re7 32. Bh4 h6 33. g4 Ree8 34. Bg3 Re7 35. h4 Ree8 36. g5 h5 37. f5 e5 38. Ke3 Red8 39. Red1 Rxd6 40. Rxd6 Ke7 41. Be1 Rc7 42. Bc3 Rc8 43. Bd2 Rc7 44. Kf2 Bb7 45. Re6+ Kf7 46. Rb6 Bc8 47. Be3 Bxf5 48. Rxa6 Bd7 49. Rb6 Ke7 50. gxf6+ gxf6 51. a4 bxa4 52. b5 a3 53. c6 a2 54. Ra6 Be6 55. Bc5+ Kf7 56. Bd6 Rc8 57. Ra7+ Kg6 58. b6 Rxc6 59. b7 Rc2+ 60. Ke3 Rc3+ 61. Kd2 Rb3 62. b8=Q Rxb8 63. Bxb8 Kf5 64. Bc7 Kg4 65. Bd8 f5 66. Bf6 Kf4 67. Ke2 Bc4+ 68. Kf2 e4 69. Bg5+ Kg4 70. Ke3 Bd5 71. Rg7 Be6 72. Bf6+ Kh3 73. Kf4 1-0

[Event "ISR-chT 2019"]
[Site "Israel"]
[Date "2019.02.08"]
[Round "3.26"]
[White "Bakalchuk, Johnatan"]
[Black "Flom, Gabriel"]
[Result "1-0"]
[ECO "C17"]
[WhiteElo "2456"]
[BlackElo "2467"]
[Annotator "ChessBase"]
[PlyCount "65"]
[EventDate "2019.01.04"]
[EventType "team-tourn"]
[EventCountry "ISR"]
[SourceTitle "playchess.com"]
[Source "ChessBase"]
[SourceQuality "1"]
[TimeControl "40/5400+30:1800+30"]

1. e4 e6 2. d4 d5 3. Nc3 Bb4 4. e5 c5 5. Bd2 Nh6 6. a3 Bxc3 7. Bxc3 b6 8. Bb5+ Bd7 9. Bd3 Nc6 10. f4 cxd4 11. Bd2 f6 12. Nf3 O-O 13. O-O fxe5 14. fxe5 Nf5 15. Qe1 h6 16. g4 Ne3 17. Bxe3 dxe3 18. Qxe3 Qe7 19. b4 g5 20. b5 Na5 21. Nd4 Rxf1+ 22. Rxf1 Rf8 23. h4 Rxf1+ 24. Kxf1 Nb7 25. hxg5 hxg5 26. Nf3 Nc5 27. a4 Nxa4 28. Nxg5 Qf8+ 29. Kg2 Qb4 30. Kh3 Bxb5 31. Qf3 Bxd3 32. Qf7+ Kh8 33. cxd3 1-0

[Event "ISR-chT 2019"]
[Site "Israel"]
[Date "2019.02.08"]
[Round "3.33"]
[White "Raznikov, Danny"]
[Black "Poleg, Matan"]
[Result "1-0"]
[ECO "A48"]
[WhiteElo "2497"]
[BlackElo "2205"]
[Annotator "ChessBase"]
[PlyCount "83"]
[EventDate "2019.01.04"]
[EventType "team-tourn"]
[EventCountry "ISR"]
[SourceTitle "playchess.com"]
[Source "ChessBase"]
[SourceQuality "1"]
[TimeControl "40/5400+30:1800+30"]

1. d4 Nf6 2. Bf4 g6 3. e3 d6 4. Nf3 Nh5 5. Bg5 h6 6. Bh4 g5 7. Nfd2 Ng7 8. Bg3 Nf5 9. Bd3 Nxg3 10. hxg3 Bg7 11. c3 Nd7 12. f4 Nf6 13. fxg5 hxg5 14. Rxh8+ Bxh8 15. Ne4 g4 16. Nxf6+ Bxf6 17. Nd2 d5 18. e4 Be6 19. e5 Bg5 20. Nb3 b6 21. Qc2 Qd7 22. Ke2 O-O-O 23. Nc5 Qe8 24. Ba6+ Kb8 25. Nxe6 fxe6 26. Rh1 c6 27. Bd3 c5 28. Ba6 Qc6 29. Qg6 b5 30. Qxg5 Qxa6 31. Qxe7 b4+ 32. Ke3 cxd4+ 33. cxd4 Qc8 34. Kd2 Rf8 35. Rh7 Rf2+ 36. Ke3 Re2+ 37. Kf4 Qc1+ 38. Kxg4 Re4+ 39. Kh5 Qd1+ 40. Kh6 Qc1+ 41. Kg6 Rg4+ 42. Kh5 1-0

[Event "ISR-chT 2019"]
[Site "Israel"]
[Date "2019.02.15"]
[Round "5.3"]
[White "Kantarji, Pinchas"]
[Black "Poleg, Matan"]
[Result "1/2-1/2"]
[ECO "E11"]
[WhiteElo "2445"]
[BlackElo "2205"]
[Annotator "NA"]
[PlyCount "62"]
[EventDate "2019.01.04"]
[EventType "team-tourn"]
[EventCountry "ISR"]
[SourceTitle "playchess.com"]
[Source "ChessBase"]
[SourceQuality "1"]
[TimeControl "40/5400+30:1800+30"]

1. d4 Nf6 2. c4 e6 3. Nf3 Bb4+ 4. Bd2 a5 5. Nc3 O-O 6. e3 d5 7. a3 Be7 8. Rc1 Ne4 9. Bd3 Nxd2 10. Qxd2 c6 11. O-O Nd7 12. Rfd1 f5 13. Qc2 g6 14. Ne5 Bd6 15. f4 Nf6 16. Be2 Ne4 17. c5 Bxe5 18. fxe5 Qg5 19. Nxe4 fxe4 20. Qd2 Bd7 21. Rf1 Rf5 22. Rf4 Raf8 23. Rcf1 Qd8 24. g3 b5 25. b3 g5 26. R4f2 Rxf2 27. Rxf2 Rxf2 28. Kxf2 Kf7 29. Ke1 Ke7 30. Bg4 Qa8 31. Bh5 Qd8 1/2-1/2

[Event "ISR-chT 2019"]
[Site "Israel"]
[Date "2019.02.15"]
[Round "5.5"]
[White "Mesropov, Konstantin"]
[Black "Lurie, Michael"]
[Result "1/2-1/2"]
[ECO "A45"]
[WhiteElo "2431"]
[BlackElo "2331"]
[Annotator "NA"]
[PlyCount "51"]
[EventDate "2019.01.04"]
[EventType "team-tourn"]
[EventCountry "ISR"]
[SourceTitle "playchess.com"]
[Source "ChessBase"]
[SourceQuality "1"]
[TimeControl "40/5400+30:1800+30"]

1. d4 Nf6 2. Bg5 g6 3. Bxf6 exf6 4. e4 Bg7 5. Nf3 O-O 6. Bd3 c5 7. O-O cxd4 8. Nxd4 f5 9. c3 fxe4 10. Bxe4 d5 11. Bf3 Nc6 12. Nb3 Be6 13. Na3 Ne5 14. Be2 Qb6 15. Nc2 a5 16. Ncd4 Bd7 17. Rb1 Rad8 18. Nd2 a4 19. N2f3 Nc6 20. h3 Rfe8 21. Qd2 Nxd4 22. Nxd4 Bxd4 23. cxd4 Rxe2 24. Qxe2 Bb5 25. Qd2 Bxf1 26. Rxf1 1/2-1/2

[Event "ISR-chT 2019"]
[Site "Israel"]
[Date "2019.02.15"]
[Round "5.9"]
[White "Vydeslaver, Alik"]
[Black "Kogan, Arthur"]
[Result "0-1"]
[ECO "D02"]
[WhiteElo "2386"]
[BlackElo "2547"]
[Annotator "ChessBase"]
[PlyCount "70"]
[EventDate "2019.01.04"]
[EventType "team-tourn"]
[EventCountry "ISR"]
[SourceTitle "playchess.com"]
[Source "ChessBase"]
[SourceQuality "1"]
[TimeControl "40/5400+30:1800+30"]

1. Nf3 d5 2. d4 Nf6 3. Bf4 c5 4. e3 Nc6 5. c3 Qb6 6. Qb3 c4 7. Qxb6 axb6 8. Be2 e6 9. Nbd2 b5 10. Ne5 b4 11. O-O Nd7 12. Nxd7 Bxd7 13. e4 bxc3 14. bxc3 Ba3 15. exd5 exd5 16. Bf3 Ne7 17. Rae1 Kd8 18. Nb1 Ng6 19. Nxa3 Nxf4 20. Nc2 Be6 21. Nb4 Ra5 22. g3 Ng6 23. Rb1 Kc7 24. Rb2 Rha8 25. Rfb1 R8a7 26. Re1 Kd6 27. Reb1 Ne7 28. Bd1 Ra3 29. Rc1 Nc6 30. Kf1 Nxb4 31. Rxb4 Rxa2 32. Ke1 Bf5 33. Rb6+ Kc7 34. Rb5 Be4 35. h4 Ra8 0-1

[Event "ISR-chT 2019"]
[Site "Israel"]
[Date "2019.02.15"]
[Round "5.15"]
[White "Grinberg, Eyal"]
[Black "Raznikov, Danny"]
[Result "1/2-1/2"]
[ECO "C49"]
[WhiteElo "2470"]
[BlackElo "2497"]
[Annotator "ChessBase"]
[PlyCount "46"]
[EventDate "2019.01.04"]
[EventType "team-tourn"]
[EventCountry "ISR"]
[SourceTitle "playchess.com"]
[Source "ChessBase"]
[SourceQuality "1"]
[TimeControl "40/5400+30:1800+30"]

1. e4 e5 2. Nf3 Nc6 3. Bb5 Nf6 4. d3 Bc5 5. c3 O-O 6. O-O d6 7. Re1 Ne7 8. Nbd2 c6 9. Ba4 Ng6 10. Nf1 Re8 11. Ng3 Bb6 12. h3 h6 13. d4 Bc7 14. Bc2 Be6 15. Be3 d5 16. Nxe5 Nxe5 17. dxe5 Nxe4 18. Nxe4 dxe4 19. Bd4 Qg5 20. Bxe4 Bxh3 21. f4 Qg3 22. Qf3 Qxf3 23. Bxf3 Be6 1/2-1/2

[Event "ISR-chT 2019"]
[Site "Israel"]
[Date "2019.02.15"]
[Round "5.16"]
[White "Kobo, Ori"]
[Black "Givon, Asaf"]
[Result "1/2-1/2"]
[ECO "B36"]
[WhiteElo "2485"]
[BlackElo "2465"]
[Annotator "ChessBase"]
[PlyCount "50"]
[EventDate "2019.01.04"]
[EventType "team-tourn"]
[EventCountry "ISR"]
[SourceTitle "playchess.com"]
[Source "ChessBase"]
[SourceQuality "1"]
[TimeControl "40/5400+30:1800+30"]

1. e4 c5 2. Nf3 g6 3. d4 cxd4 4. Nxd4 Nc6 5. c4 Nf6 6. Nc3 d6 7. Be2 Nxd4 8. Qxd4 Bg7 9. Be3 O-O 10. Qd2 a5 11. f3 a4 12. Kf2 Qa5 13. Rac1 Be6 14. Nd5 Bxd5 15. Qxa5 Rxa5 16. cxd5 Nd7 17. Rc7 Nc5 18. Rb1 Rb8 19. Kf1 Kf8 20. Bg5 Bf6 21. Bxf6 exf6 22. b4 axb3 23. axb3 Ra3 24. b4 Na4 25. Rbc1 Nb6 1/2-1/2

[Event "ISR-chT 2019"]
[Site "Israel"]
[Date "2019.02.15"]
[Round "5.20"]
[White "Erenberg, Ariel"]
[Black "Gorodetzky, David"]
[Result "0-1"]
[ECO "A13"]
[WhiteElo "2396"]
[BlackElo "2447"]
[Annotator "NA"]
[PlyCount "64"]
[EventDate "2019.01.04"]
[EventType "team-tourn"]
[EventCountry "ISR"]
[SourceTitle "playchess.com"]
[Source "ChessBase"]
[SourceQuality "1"]
[TimeControl "40/5400+30:1800+30"]

1. c4 e6 2. Nc3 Bb4 3. Qb3 a5 4. a3 Bxc3 5. Qxc3 Nf6 6. b3 O-O 7. Bb2 d6 8. d4 a4 9. b4 b5 10. cxb5 Bb7 11. Nf3 Nbd7 12. e3 Nb6 13. Bd3 Ne4 14. Qc2 f5 15. O-O Rf6 16. Nd2 Rh6 17. f3 Qh4 18. fxe4 Qxh2+ 19. Kf2 Rg6 20. Rg1 Rf8 21. Ke2 Rxg2+ 22. Rxg2 Qxg2+ 23. Kd1 fxe4 24. Bf1 Rxf1+ 25. Nxf1 Qxf1+ 26. Kd2 Qf2+ 27. Kd1 Qxe3 28. Qxc7 Bd5 29. Rc1 Bb3+ 30. Rc2 Qd3+ 31. Kc1 Qf1+ 32. Kd2 e3+ 0-1

[Event "ISR-chT 2019"]
[Site "Israel"]
[Date "2019.02.15"]
[Round "5.22"]
[White "Aharon, Ofir"]
[Black "Galburd, Yan"]
[Result "0-1"]
[ECO "C07"]
[WhiteElo "2310"]
[BlackElo "2397"]
[Annotator "NA"]
[PlyCount "73"]
[EventDate "2019.01.04"]
[EventType "team-tourn"]
[EventCountry "ISR"]
[SourceTitle "playchess.com"]
[Source "ChessBase"]
[SourceQuality "1"]
[TimeControl "40/5400+30:1800+30"]

1. e4 e6 2. d4 d5 3. Nd2 c5 4. exd5 Qxd5 5. dxc5 Nf6 6. Ngf3 Qxc5 7. Bd3 Nbd7 8. O-O Qc7 9. a4 Be7 10. Nb3 Nd5 11. c3 O-O 12. Re1 N7f6 13. Nbd4 Rd8 14. Ne5 a6 15. Qe2 Bd6 16. Ndf3 h6 17. a5 Bd7 18. Bb1 Rac8 19. Bd2 Bb5 20. Qd1 Nd7 21. Nxd7 Rxd7 22. Qc2 Nf6 23. Be3 Bc5 24. Bxc5 Qxc5 25. Ba2 Rcd8 26. Bb3 Bd3 27. Qd2 Bc4 28. Qc2 Bd3 29. Qd2 Be4 30. Qf4 Bxf3 31. Qxf3 Rd2 32. Red1 Qb5 33. c4 Qe5 34. Rxd2 Rxd2 35. Qxb7 Ng4 36. g3 Rxf2 37. Bd1 0-1

[Event "ISR-chT 2019"]
[Site "Israel"]
[Date "2019.02.15"]
[Round "5.23"]
[White "Parkhov, Yair"]
[Black "Shachar, Ehud"]
[Result "1/2-1/2"]
[ECO "A90"]
[WhiteElo "2336"]
[BlackElo "2391"]
[Annotator "NA"]
[PlyCount "56"]
[EventDate "2019.01.04"]
[EventType "team-tourn"]
[EventCountry "ISR"]
[SourceTitle "playchess.com"]
[Source "ChessBase"]
[SourceQuality "1"]
[TimeControl "40/5400+30:1800+30"]

1. d4 e6 2. Nf3 f5 3. g3 Nf6 4. Bg2 d5 5. O-O Bd6 6. c4 c6 7. Ne5 O-O 8. Bf4 Nh5 9. e3 Nxf4 10. exf4 Nd7 11. Nxd7 Bxd7 12. Nd2 b6 13. Qe2 Rc8 14. Rac1 Rc7 15. Rfd1 Qf6 16. a3 a5 17. Nb3 a4 18. c5 bxc5 19. Nxc5 Bxc5 20. Rxc5 Ra7 21. Rd2 h6 22. Bf3 g5 23. Qe5 Qxe5 24. fxe5 Rb8 25. Bd1 Kf7 26. Kf1 Ke7 27. Ke2 Kd8 28. Kd3 Kc7 1/2-1/2

[Event "ISR-chT 2019"]
[Site "Israel"]
[Date "2019.02.15"]
[Round "5.24"]
[White "Gershon, Alik"]
[Black "Mikhalevski, Alexander"]
[Result "1-0"]
[ECO "D35"]
[WhiteElo "2431"]
[BlackElo "2430"]
[Annotator "NA"]
[PlyCount "49"]
[EventDate "2019.01.04"]
[EventType "team-tourn"]
[EventCountry "ISR"]
[SourceTitle "playchess.com"]
[Source "ChessBase"]
[SourceQuality "1"]
[TimeControl "40/5400+30:1800+30"]

1. c4 e6 2. d4 d5 3. Nc3 Be7 4. cxd5 exd5 5. Bf4 Nf6 6. e3 O-O 7. Bd3 c5 8. Nge2 Nc6 9. O-O c4 10. Bc2 a6 11. a4 Nh5 12. b3 Qa5 13. bxc4 Nxf4 14. Nxf4 dxc4 15. Ncd5 Bd8 16. Ra3 g5 17. Qh5 f5 18. e4 gxf4 19. Rh3 Rf7 20. Nxf4 Bd7 21. Qh6 Ne7 22. e5 Bb6 23. Nh5 Ng6 24. Nf6+ Rxf6 25. Qxh7+ 1-0

[Event "ISR-chT 2019"]
[Site "Israel"]
[Date "2019.02.15"]
[Round "5.30"]
[White "Bitensky, Igor"]
[Black "Mikhalevski, Victor"]
[Result "1/2-1/2"]
[ECO "C60"]
[WhiteElo "2373"]
[BlackElo "2581"]
[Annotator "ChessBase"]
[PlyCount "56"]
[EventDate "2019.01.04"]
[EventType "team-tourn"]
[EventCountry "ISR"]
[SourceTitle "playchess.com"]
[Source "ChessBase"]
[SourceQuality "1"]
[TimeControl "40/5400+30:1800+30"]

1. e4 e5 2. Nf3 Nc6 3. Bb5 g6 4. c3 Bg7 5. O-O a6 6. Ba4 Nge7 7. d4 exd4 8. cxd4 b5 9. Bc2 d6 10. h3 O-O 11. Nc3 Na5 12. Ne2 c5 13. d5 Nc4 14. Rb1 f5 15. b3 Ne5 16. Nxe5 Bxe5 17. Bb2 Bxb2 18. Rxb2 f4 19. f3 g5 20. e5 Bf5 21. g4 fxg3 22. Nxg3 dxe5 23. d6 Bxc2 24. Rxc2 Ng6 25. Qd5+ Kh8 26. Ne4 Qd7 27. Nxc5 Qxh3 28. Ne6 Rae8 1/2-1/2